 Dungeon Crawl Stone Soup version 0.29-a0-397-g846e4a0bbc (console) character file.

Game seed: 18125443997306222199

10526 tira the Cleaver (level 11, -3/81 HPs)
             Began as a Mummy Wanderer on May 11, 2022.
             Was an Initiate of Gozag.
             Slain by a two-headed ogre
             ... wielding a +0 giant spiked club
              (5 damage)
             ... on level 9 of the Dungeon.
             The game lasted 00:42:58 (22994 turns).

tira the Cleaver (Mummy Wanderer)                  Turns: 22994, Time: 00:42:59

Health: -3/81      AC: 22    Str: 19    XL:     11   Next: 37%
Magic:  13/13      EV:  5    Int: 14    God:    Gozag
Gold:   1195       SH:  4    Dex: 10    Spells: 12/12 levels left

rFire   . . .      SeeInvis .   u - +0 broad axe
rCold   + . .      Faith    .   e - +0 buckler
rNeg    + + +      Spirit   .   B - +3 plate armour {Will+}
rPois   ∞          Reflect  .   (no helmet)
rElec   .          Harm     .   y - +0 cloak
rCorr   .          Rampage  .   k - +0 pair of gloves
Will    ++...                   g - +0 pair of boots
Stlth   ..........              (no amulet)
HPRegen 0.23/turn               m - ring of protection from fire
MPRegen 0.13/turn               r - +4 ring of protection

@: no status effects
A: cold resistance 1, negative energy resistance 3, torment resistance 2, heat
vulnerability 1, in touch with death 1, no potions
a: Renounce Religion, Potion Petition, Call Merchant, Bribe Branch


You were on level 9 of the Dungeon.
You worshipped Gozag.
Gozag was most pleased with you.
You visited 3 branches of the dungeon, and saw 12 of its levels.
You also visited: Sewer, Bailey and Ice Cave.

You collected 3572 gold pieces.
You spent 1286 gold pieces at shops.
You paid 1091 gold pieces to Gozag.

Inventory:

Hand Weapons
 u - a +0 broad axe (weapon)
 x - a +1 war axe of flaming
Missiles
 b - 10 poisoned darts (quivered)
 d - 478 stones
 n - 8 javelins
Armour
 e - a +0 buckler (worn)
 g - a +0 pair of boots (worn)
 k - a +0 pair of gloves (worn)
 y - a +0 cloak (worn)
 B - a +3 plate armour of willpower (worn)
Jewellery
 i - a ring of resist corrosion
 j - a ring of protection from cold
 m - a ring of protection from fire (left hand)
 r - a +4 ring of protection (right hand)
 s - a ring of protection from fire
 w - a ring of protection from fire
Wands
 z - a wand of digging (1)
 A - a wand of iceblast (4)
 E - a wand of paralysis (5)
Scrolls
 c - 4 scrolls of silence
 h - 3 scrolls of fog
 l - a scroll of amnesia
 o - 4 scrolls of enchant armour
 p - 4 scrolls of teleportation
 q - a scroll of immolation
 v - 5 scrolls of identify
 C - a scroll of poison
Miscellaneous
 a - a lightning rod (inert)
 f - a condenser vane (inert)
 t - a tin of tremorstones (2/2)


   Skills:
 - Level 6.0 Fighting
 * Level 9.3(10.5) Axes
 - Level 7.6(9.7) Maces & Flails
 - Level 2.0 Throwing
 + Level 5.0 Armour
 - Level 1.0 Stealth
 - Level 4.0 Shields
 - Level 1.3 Spellcasting
 - Level 1.0 Ice Magic
 - Level 3.2 Earth Magic
 + Level 3.4 Evocations


You had 12 spell levels left.
You didn't know any spells.
Your spell library contained the following spells:

 Spells                   Type           Power      Damage    Failure   Level
 Sandblast                Erth           20%        2d7       95%         1
 Apportation              Tloc           0%         N/A       100%        1
 Freeze                   Ice            12%        1d4       100%        1
 Magic Dart               Conj           0%         1d3       100%        1
 Sting                    Tmut/Pois      0%         1d3       100%        1
 Call Imp                 Summ           0%         N/A       100%        2
 Passwall                 Tmut/Erth      4%         N/A       100%        2
 Poisonous Vapours        Pois/Air       0%         N/A       100%        2
 Call Canine Familiar     Summ           0%         N/A       100%        3
 Frozen Ramparts          Ice            6%         1d2       100%        3
 Mephitic Cloud           Conj/Pois/Air  0%         N/A       100%        3
 Portal Projectile        Hex/Tloc       0%         N/A       100%        3
 Animate Armour           Summ/Erth      10%        N/A       100%        4
 Leda's Liquefaction      Hex/Erth       2%         N/A       100%        4
 Olgreb's Toxic Radiance  Pois           0%         N/A       100%        4
 Alistair's Intoxication  Tmut/Pois      0%         N/A       100%        5


Dungeon Overview and Level Annotations

Branches:
Dungeon (10/15)            Temple (1/1) D:4            Lair (1/6) D:8
  Sewer (visited)          Bailey (visited)           IceCv (visited)
    Orc: D:9-12

Altars:
Ashenzari
Cheibriados
Dithmenos
Gozag
Hepliaklqana
Kikubaaqudgha
Makhleb
Nemelex Xobeh
Okawaru
Qazlal
Ru
Sif Muna
Uskayaw
Vehumet
Wu Jian
Xom
Yredelemnul
The Shining One

Shops:
D:4 *([


Innate Abilities, Weirdness & Mutations

You are immune to poison.
Your flesh is cold resistant. (rC+)
You are immune to negative energy. (rN+++)
You are immune to unholy pain and torment.
You are vulnerable to heat. (rF-)
You are in touch with the powers of death.
You do not drink.


Message History

Level map cleared.
There is an open door here.
There is an open door here.
You see here a staff of cold.
There is an open door here.
There is an open door here.
The two-headed ogre shouts in stereo!
There is an open door here.
Remembered map restored.
Aiming: Thunderbolt
Press: ? - help, Shift-Dir - straight line, f - two-headed ogre
Aim: a two-headed ogre, wielding a +0 giant spiked club and a +0 giant club The thunderbolt hits the two-headed ogre.
The two-headed ogre is lightly wounded.
Aiming: Thunderbolt
Press: ? - help, Shift-Dir - straight line, f/p - two-headed ogre
Aim: a two-headed ogre, wielding a +0 giant spiked club and a +0 giant club (lightly wounded)
The thunderbolt hits the two-headed ogre!
The two-headed ogre is moderately wounded.
The lightning rod overheats!
You barely miss the two-headed ogre.
The two-headed ogre is moderately wounded.
The two-headed ogre hits you with a +0 giant spiked club!
The two-headed ogre hits you with a +0 giant club!
You barely miss the two-headed ogre.
The two-headed ogre is moderately wounded.
You slash the two-headed ogre!
The two-headed ogre is heavily wounded.
The two-headed ogre hits you with a +0 giant spiked club!
The two-headed ogre hits you but does no damage.
You hit the two-headed ogre but do no damage.
The two-headed ogre is moderately wounded.
The two-headed ogre hits you with a +0 giant spiked club.
The two-headed ogre hits you with a +0 giant club!
The two-headed ogre attacks as you move away!
The two-headed ogre hits you with a +0 giant spiked club!!
* * * LOW HITPOINT WARNING * * *
The two-headed ogre hits you with a +0 giant club.
You die...
Your body crumbles into a pile of gold.

....## #.# ###..##### ##########
#.## ##.....###........#
####..###
#####^...........#####........
#####..............###.###
#........####### #.# ######.###
#.# #..# #.# #@## #.# ##########
#O# #.# #........# #.# #.#
#........# ##'### #.# #........#
#....# #.# #......>.#
#....##########.#
.........######....'........#.###
#.............'....########.....#
#........######....# ###.#..


You could see a two-headed ogre.

Vanquished Creatures
  Pikel (D:7)
  An elephant (D:8)
  2 cane toads (Lair:1)
  A freezing wraith (IceCv)
  An anaconda simulacrum (IceCv)
  3 trolls (D:9)
  A wraith (D:10)
  2 wyverns
  10 yaks
  A basilisk (D:7)
  A steam dragon (D:7)
  A death yak simulacrum (IceCv)
  2 harpy simulacra (IceCv)
  2 acid dragons
  4 water moccasins
  Duvessa (D:4)
  3 orc warriors
  2 black bears
  2 ice beasts
  4 ogres
  3 lemures
  2 phantoms
  A gnoll sergeant (D:4)
  5 bullfrogs
  4 necrophages
  4 scorpions
  A cane toad simulacrum (IceCv)
  9 two-headed ogre simulacra (IceCv)
  Dowan (D:4)
  4 wights (D:8)
  2 elephant simulacra (IceCv)
  9 killer bees
  A lava snake (D:9)
  3 hounds
  2 gnoll shamans
  4 orc priests
  2 iguanas
  7 orc wizards
  7 troll simulacra (IceCv)
  3 spriggan simulacra (IceCv)
  A polar bear simulacrum (IceCv)
  4 wolf simulacra (IceCv)
  21 gnolls
  6 adders
  7 naga simulacra (IceCv)
  2 shadow imps
  10 white imps
  6 ufetubi
  4 worms
  6 dart slugs
  37 orcs
  10 ball pythons
  3 bats
  9 endoplasms
  12 giant cockroaches
  11 goblins
  9 hobgoblins
  14 quokkas
  2 training dummies (D:4)
  8 frilled lizards
  4 kobolds
  8 rats
313 creatures vanquished.

Vanquished Creatures (others)
  18 fungi
  2 plants (Lair:1)
20 creatures vanquished.

Grand Total: 333 creatures vanquished

Notes
Turn   | Place    | Note
-------+----------+-------------------------------------------
     0 | D:1      | tira the Mummy Wanderer began the quest for the Orb.
     0 | D:1      | tira set off with the following items: a +0 dagger, 8
                  | poisoned darts, a scroll of silence, 23 stones, a +0
                  | leather armour; and the following spells available to
                  | memorise: Sandblast, Freeze, Passwall, Frozen Ramparts,
                  | Animate Armour
     0 | D:1      | Reached XP level 1. HP: 13/13 MP: 2/2
   111 | D:1      | Reached skill level 1 in Fighting
   410 | D:1      | Reached XP level 2. HP: 22/22 MP: 4/4
  1274 | D:1      | Gained mutation: You are in touch with the powers of death.
                  | [Mummy growth]
  1274 | D:1      | Reached XP level 3. HP: 28/28 MP: 5/5
  1744 | D:2      | Found a faded altar of an unknown god.
  2036 | D:2      | Reached skill level 1 in Maces & Flails
  2114 | D:2      | Reached XP level 4. HP: 33/34 MP: 6/6
  2700 | D:3      | Found a glowing drain.
  2709 | Sewer    | Entered a sewer
  3273 | Sewer    | Reached XP level 5. HP: 32/41 MP: 7/7
  3409 | Sewer    | Reached XP level 6. HP: 19/47 MP: 8/8
  4638 | D:4      | Found a staircase to the Ecumenical Temple.
  4730 | Temple   | Entered the Ecumenical Temple
  4785 | Temple   | Became a worshipper of Gozag Ym Sagoz the Greedy
  4812 | D:4      | Found Ufyoz's Antique Armour Boutique.
  5172 | D:4      | Found Nety's Assorted Antiques.
  5175 | D:4      | Bought a scroll of identify for 38 gold pieces
  5220 | D:4      | Reached XP level 7. HP: 14/55 MP: 9/9
  5558 | D:4      | Found Wasuoh's Antique Weapon Shoppe.
  5607 | D:4      | Noticed Duvessa
  5607 | D:4      | Noticed Dowan
  6004 | D:5      | Entered Level 5 of the Dungeon
  6372 | D:4      | Reached skill level 5 in Fighting
  6372 | D:4      | Reached skill level 5 in Maces & Flails
  6936 | D:5      | Reached XP level 8. HP: 40/62 MP: 10/10
  8370 | D:6      | Reached skill level 1 in Axes
  8423 | D:6      | Reached skill level 2 in Axes
  8578 | D:6      | Reached skill level 3 in Axes
  8933 | D:6      | Reached XP level 9. HP: 68/68 MP: 11/11
  9366 | D:7      | Found a flagged portal.
  9455 | Bailey   | Entered a bailey
  9489 | Bailey   | Reached skill level 1 in Shields
  9803 | D:7      | Reached skill level 4 in Axes
 11187 | D:6      | Reached skill level 5 in Axes
 11915 | D:4      | Bought a shiny plate armour for 494 gold pieces
 12431 | D:8      | Reached skill level 6 in Axes
 12539 | D:8      | Noticed an elephant
 13030 | D:7      | Reached XP level 10. HP: 21/74 MP: 12/12
 13290 | D:8      | Found a staircase to the Lair.
 14596 | D:8      | Noticed Pikel
 14619 | D:7      | Killed Pikel
 14620 | D:7      | Reached skill level 7 in Axes
 15003 | D:8      | Killed an elephant
 15155 | Lair:1   | Entered Level 1 of the Lair of Beasts
 15210 | Lair:1   | Found a frozen archway.
 15219 | IceCv    | Entered an ice cave
 17433 | IceCv    | Reached skill level 8 in Axes
 17968 | IceCv    | Noticed an ice statue
 19034 | IceCv    | Noticed a reaper
 19329 | Lair:1   | Noticed a cane toad
 19350 | Lair:1   | Killed a cane toad
 19621 | Lair:1   | Noticed a cane toad
 19630 | Lair:1   | Killed a cane toad
 19631 | Lair:1   | Reached XP level 11. HP: 81/81 MP: 13/13
 20228 | Lair:1   | Reached skill level 5 in Armour
 20880 | D:9      | Reached skill level 9 in Axes
 22343 | D:9      | Found a hide-covered altar of Uskayaw.
 22384 | D:9      | Identified a scroll of acquirement
 22385 | D:9      | Acquired 1099 gold pieces
 22531 | D:4      | Killed Duvessa
 22531 | D:4      | Killed Dowan
 22555 | D:4      | Bought a shiny plate armour for 754 gold pieces
 22710 | D:10     | Entered Level 10 of the Dungeon
 22791 | D:10     | Noticed a two-headed ogre
 22994 | D:9      | HP: 2/81 [two-headed ogre/+0 giant spiked club (29)]
 22994 | D:9      | Slain by a two-headed ogre

Illustrated notes

Levels and vault maps discovered:
D:1:      minmay_arrival_stone_box, layout_loops_ring
D:2:      layout_basic, hellmonk_ecumenical_altar_arch_garden,
          dreamdust_mushroom_princess
D:3:      layout_basic, gup_sewer_entry_bubbles, kennysheep_path_1
D:4:      dreamdust_elfheim, layout_basic, minmay_temple_entry_tees,
          serial_shops, nicolae_square_shop, kennysheep_mini, nicolae_shop_trees
D:5:      layout_loops_cross, grunt_decor_junction, st_stairs_7
D:6:      layout_layer_cave
D:7:      layout_layer_cave, enter_bailey_7, dreamdust_princess_corridor
D:8:      layout_cave_pools, david_lair_generic, serial_glass, glass_columns_a,
          glass_columns_a, feat_on_display, feat_on_display,
          minmay_strange_pillars, due_unseen_surprise, uniq_pikel
D:9:      layout_roguey, nicolae_uskayaw_suspiria
D:10:     layout_rooms, orc_0_dummy, minmay_checkerbox, uniq_gastronok
Temple:   compressed_dpeg_triangle_lava_temple
Lair:1:   layout_roguey, serial_rivers, chequers_serial_rivers_micro_e,
          chequers_serial_rivers_micro_d, chequers_serial_rivers_room_a,
          chequers_serial_rivers_large_b, chequers_serial_rivers_micro_d,
          portal_ice_cave_entry_pillars_1

Skill      XL: |  1  2  3  4  5  6  7  8  9 10 11 |
---------------+----------------------------------+-----
Fighting       | 2 3 4 5 6 |  6.0
Maces & Flails | 1 2 3 4 6 7 |  7.6
Throwing       | 2 |  2.0
Evocations     | 2 3 |  3.4
Axes           | 3 6 8 9 |  9.3
Shields        | 4 |  4.0
Armour         | 4 5 |  5.0
Stealth        | |  1.0
Spellcasting   | |  1.3
Ice Magic      | |  1.0
Earth Magic    | |  3.2

Action                   |  1- 3 |  4- 6 |  7- 9 | 10-12 || total
-------------------------+-------+-------+-------+-------++-------
Melee: Dagger            |    69 |       |       |       ||    69
       Flail             |    42 |   270 |   211 |       ||   523
       Punch             |     2 |       |     3 |       ||     5
       Broad axe         |       |       |   235 |   604 ||   839
Throw: Dart              |    21 |    25 |    34 |    18 ||    98
       Stone             |    14 |       |       |       ||    14
       Javelin           |       |       |     3 |     3 ||     6
Invok: Potion Petition   |       |       |       |     3 ||     3
Evoke: Wand              |       |       |     9 |    15 ||    24
       Lightning rod     |       |       |       |     5 ||     5
       Condenser vane    |       |       |       |     1 ||     1
  Use: Scroll            |       |     7 |     7 |     7 ||    21
 Stab: Sleeping          |     1 |       |       |       ||     1
       Paralysed         |       |       |     7 |    12 ||    19
       Distracted        |       |       |     1 |     1 ||     2
Armor: Leather armour    |    28 |       |       |       ||    28
       Ring mail         |    14 |    89 |       |       ||   103
       Chain mail        |       |    37 |   336 |   396 ||   769
       Plate armour      |       |       |       |    17 ||    17
Dodge: Dodged            |    93 |   130 |   165 |   222 ||   610
Block: Buckler           |       |       |    48 |   161 ||   209

Table legend: (Time is in decaauts)
 A = Elapsed time spent in this place.
 B = Non-inter-level travel time spent in this place.
 C = Inter-level travel time spent in this place.
 D = Time resting spent in this place.
 E = Time spent auto-exploring this place.
 F = Levels seen in this place.
 G = Mean time per level.
                   A        B        C        D        E       F      G
               +--------+--------+--------+--------+--------+-----+--------+
         Total |  23456 |  21941 |   1515 |   9996 |   6968 |  15 | 1563.7 |
       Dungeon |  16669 |  15219 |   1450 |   6264 |   5675 |  10 | 1666.9 |
        Temple |    152 |    123 |     29 |     77 |     24 |   1 |  152.0 |
          Lair |   1399 |   1363 |     36 |    476 |    603 |   1 | 1399.0 |
         Sewer |   1033 |   1033 |      0 |    521 |    141 |   1 | 1033.0 |
        Bailey |     70 |     70 |      0 |      0 |      0 |   1 |   70.0 |
      Ice Cave |   4131 |   4131 |      0 |   2657 |    523 |   1 | 4131.0 |
               +--------+--------+--------+--------+--------+-----+--------+

Top non-repeatable levels by time:
   IceCv: 4131 daAuts
     D:7: 3759 daAuts
     D:8: 1973 daAuts
     D:9: 1957 daAuts
     D:6: 1702 daAuts
     D:3: 1635 daAuts
     D:4: 1501 daAuts
     D:1: 1494 daAuts
     D:5: 1441 daAuts
  Lair:1: 1399 daAuts
     D:2: 1114 daAuts
   Sewer: 1033 daAuts
  Temple: 152 daAuts
    D:10: 89 daAuts
  Bailey: 70 daAuts
